 Dungeon Crawl Stone Soup version 0.31.0-9-g3a7656b989 (webtiles) character file.

Game seed: 11185075512982144250

1407185 iamserjio the Slayer (level 27, 240/240 HPs)
             Began as a Merfolk Air Elementalist on Jan 24, 2024.
             Was the Champion of Makhleb.
             Escaped with the Orb
             ... and 3 runes!
             The game lasted 04:38:39 (110679 turns).

iamserjio the Slayer (Merfolk Air Elementalist)   Turns: 110679, Time: 04:38:39

Health: 240/240    AC: 26    Str: 17    XL:     27
Magic:  40/40      EV: 23    Int: 14    God:    Makhleb [******]
Gold:   4311       SH: 17    Dex: 23    Spells: 2/42 levels left

rFire   + + .        T - +7 demon blade (elec)
rCold   . . .        w - +3 kite shield
rNeg    + + +        N - quicksilver dragon scales
rPois   .            S - +1 hat "Siaw" {rF+ rN+ Will+ Str+2}
rElec   .            t - +0 cloak of Xomyohaf {rF+}
rCorr   +            n - +3 pair of gauntlets of War {Slay+5}
SInv    +            I - +2 pair of boots
Will    ++++.        P - amulet "Ixaplage" {rN++ Regen+ rCorr}
Stlth   +            m - +4 ring of slaying
HPRegen 1.40/turn    X - ring "Larecaz" {AC+4 Str+3 SInv}
MPRegen 0.27/turn

%: random rage (3%)
@: studying Stealth
A: (nimble swimmer 2), mertail, berserk 1, deformed body, deterioration 1, dopey
1, high MP 1, subdued magic 2, inability to drink after injury 1, noise
suppression, persistent drain
0: Orb of Zot
}: 3/15 runes: barnacled, silver, gossamer
a: Renounce Religion, Minor Destruction, Lesser Servant of Makhleb, Major
Destruction, Greater Servant of Makhleb


You escaped.
You worshipped Makhleb.
Makhleb was exalted by your worship.
You visited 12 branches of the dungeon, and saw 56 of its levels.
You visited the Abyss 3 times.
You also visited: Bailey, Volcano and Wizlab.

You collected 9761 gold pieces.
You spent 5450 gold pieces at shops.

Inventory:

Hand Weapons
 x - the +10 great sword of Qipol {holy, rPois Dex+3}
   (You bought it in a shop on level 3 of the Dungeon)

   Dex+3:     It affects your dexterity (+3).
   rPois:     It protects you from poison
 T - a +7 demon blade of electrocution (weapon)
Missiles
 D - 3 throwing nets {!f}
Armour
 d - the +4 dragonskin cloak
   (You took it off Tiamat on level 1 of the Realm of Zot)

   Avatar's Aegis: It grants the wearer a chance to resist fire, cold, poison,
   electricity, acid, and negative energy.
 n - the +3 pair of gauntlets of War (worn) {Slay+5}
   (You found it on level 3 of the Elven Halls)

   Slay+5:    It affects your accuracy & damage with ranged weapons and melee
   (+5).
 o - a +2 cloak of stealth
 t - the +0 cloak of Xomyohaf (worn) {rF+}
   (You found it on level 3 of the Elven Halls)

   rF+:       It protects you from fire.
 w - a +3 kite shield (worn)
 I - a +2 pair of boots (worn)
 N - quicksilver dragon scales (worn)
 S - the +1 hat "Siaw" (worn) {rF+ rN+ Will+ Str+2}
   (You found it on level 4 of the Spider Nest)

   Str+2:     It affects your strength (+2).
   rF+:       It protects you from fire.
   rN+:       It protects you from negative energy.
   Will+:     It increases your willpower.
Jewellery
 g - a ring of flight
 h - a +6 ring of strength
 k - a ring of resist corrosion
 l - a ring of wizardry
 m - a +4 ring of slaying (left hand)
 v - the ring "Ivvuchech" {rN+ Will+}
   (You found it on level 3 of the Crypt)

   [ring of positive energy]

   rN+:       It protects you from negative energy.
   Will+:     It increases your willpower.
 B - the ring "Cebuevva" {rElec rPois rN+ Stlth-}
   (You took it off a deep elf elementalist on level 3 of the Elven Halls)

   [ring of positive energy]

   rElec:     It insulates you from electricity.
   rPois:     It protects you from poison rN+: It protects you from negative
   energy.
   Stlth-:    It makes you less stealthy.
 J - the ring "Ubifalup" {+Blink rN+ rCorr Int-2 SInv}
   (You found it on level 3 of the Crypt)

   [ring of positive energy]

   Int-2:     It affects your intelligence (-2).
   rN+:       It protects you from negative energy.
   SInv:      It lets you see invisible.
   +Blink:    It lets you blink.
   rCorr:     It protects you from acid and corrosion.
 L - an amulet of guardian spirit
 M - a ring of protection from fire
 P - the amulet "Ixaplage" (around neck) {rN++ Regen+ rCorr}
   (You found it on level 2 of the Spider Nest)

   [amulet of regeneration]

   rN++:      It greatly protects you from negative energy.
   Regen+:    It increases your rate of health regeneration.
   rCorr:     It protects you from acid and corrosion.
 R - the ring "Keuplora" {rC+ rN++ SInv}
   (You found it on level 2 of the Shoals)

   [ring of see invisible]

   rC+:       It protects you from cold.
   rN++:      It greatly protects you from negative energy.
   SInv:      It lets you see invisible.
 X - the ring "Larecaz" (right hand) {AC+4 Str+3 SInv}
   (You found it on level 3 of the Crypt)

   [ring of protection]

   AC+4:      It affects your AC (+4).
   Str+3:     It affects your strength (+3).
   SInv:      It lets you see invisible.
 Z - a +6 ring of intelligence
Talismans
 C - the granite talisman of an ossuary {rC+ rN+++ Int-5 Dex-3}
   (You found it on level 2 of the Realm of Zot)

   [granite talisman]

   Int-5:     It affects your intelligence (-5).
   Dex-3:     It affects your dexterity (-3).
   rC+:       It protects you from cold.
   rN+++:     It renders you almost immune to negative energy.
Wands
 b - a wand of charming (3)
 A - a wand of acid (16) {@v1}
 F - a wand of iceblast (20) {@v2}
 Y - a wand of mindburst (12)
Scrolls
 r - 5 scrolls of revelation
 y - a scroll of silence
 Q - 3 scrolls of fear
 V - 4 scrolls of fog
Potions
 a - 2 potions of magic
 c - 9 potions of lignification
 f - 3 potions of ambrosia
 j - 5 potions of curing {@q1}
 p - 2 potions of resistance {@q5}
 z - 2 potions of attraction
 E - 2 potions of invisibility
 G - 4 potions of enlightenment
 U - 3 potions of cancellation
Miscellaneous
 q - a phantom mirror (inert)
 s - a box of beasts (inert)
 H - a phial of floods


   Skills:
 - Level 24.5 Fighting
 - Level 22.2 Long Blades
 - Level 2.4 Polearms
 - Level 16.5 Armour
 - Level 16.4 Dodging
 - Level 2.1 Stealth
 - Level 12.9 Shields
 - Level 8.0 Spellcasting
 - Level 0.7 Conjurations
 - Level 6.0 Hexes
 - Level 17.2 Summonings
 - Level 10.5 Translocations
 - Level 10.0 Ice Magic
 - Level 2.4 Air Magic
 * Level 19.1 Invocations
 * Level 12.7 Evocations
 - Level 16.6 Shapeshifting


You had 2 spell levels left.
You knew the following spells:

 Your Spells              Type           Power      Damage    Failure   Level
a - Passage of Golubria   Tloc           21%        N/A       2%          4
b - Summon Forest         Summ/Tloc      13%        N/A       1%          5
c - Swiftness             Air            7%         N/A       28%         3
d - Summon Mana Viper     Hex/Summ       23%        N/A       5%          5
e - Summon Ice Beast      Ice/Summ       27%        N/A       1%          3
f - Apportation           Tloc           42%        N/A       1%          1
g - Ozocubu's Armour      Ice            21%        N/A       1%          3
h - Manifold Assault      Tloc           21%        N/A       2%          4
i - Vhi's Electric Charg  Tloc/Air       28%        N/A       17%         4
j - Blink                 Tloc           42%        N/A       1%          2
k - Summon Cactus Giant   Summ           16%        N/A       2%          6

Your spell library contained the following spells:

 Spells                   Type           Power      Damage    Failure   Level
 Summon Small Mammal      Summ           100%       N/A       0%          1
 Slow                     Hex            56%        N/A       1%          1
 Lesser Beckoning         Tloc           42%        N/A       1%          2
 Momentum Strike          Conj/Tloc      26%        3d8       3%          2
 Shock                    Conj/Air       24%        1d4       13%         1
 Static Discharge         Conj/Air       12%        3-4/arc   21%         2
 Kiss of Death            Conj/Necr      16%        2d6       22%         1
 Sting                    Conj/Alch      16%        1d4       22%         1
 Mercury Vapours          Alch/Air       10%        N/A       24%         2
 Necrotise                Necr           12%        1d4       26%         1
 Sandblast                Erth           6%         2d5       26%         1
 Searing Ray              Conj           8%         2d4       28%         2
 Call Canine Familiar     Summ           33%        N/A       1%          3
 Gell's Gravitas          Tloc           21%        N/A       1%          3
 Teleport Other           Tloc           21%        N/A       1%          3
 Summon Lightning Spire   Summ/Air       20%        N/A       3%          4
 Confusing Touch          Hex            14%        N/A       5%          3
 Sigil of Binding         Hex            14%        N/A       5%          3
 Tukima's Dance           Hex            14%        N/A       5%          3
 Animate Armour           Summ/Erth      36%        N/A       6%          4
 Martyr's Knell           Necr/Summ      18%        N/A       6%          4
 Summon Blazeheart Golem  Fire/Summ      18%        N/A       6%          4
 Hailstorm                Conj/Ice       12%        3d6       8%          3
 Volatile Blastmotes      Fire/Tloc      24%        2d12      8%          3
 Dimensional Bullseye     Hex/Tloc       8%         N/A       8%          4
 Summon Hydra             Summ           16%        N/A       17%         7
 Inner Flame              Hex/Fire       8%         N/A       22%         3
 Iskenderun's Mystic Bla  Conj/Tloc      13%        2d5       26%         4
 Mephitic Cloud           Conj/Alch/Air  5%         N/A       47%         3
 Dispersal                Tloc           10%        N/A       47%         6
 Stone Arrow              Conj/Erth      8%         3d7       56%         3
 Malign Gateway           Summ/Tloc      13%        N/A       61%         7
 Fugue of the Fallen      Necr           3%         N/A       63%         3
 Passwall                 Erth           3%         N/A       63%         3
 Airstrike                Air            3%         2d(1-17)  71%         4
 Freezing Cloud           Conj/Ice/Air   5%         6-21      78%         5
 Summon Horrible Things   Summ           16%        N/A       83%         8
 Yara's Violent Unravell  Hex/Alch       4%         3d4       92%         5
 Brom's Barrelling Bould  Conj/Erth      4%         2d3       94%         4
 Fulminant Prism          Conj/Alch      2%         3d5       94%         4
 Animate Dead             Necr           3%         N/A       96%         4
 Dispel Undead            Necr           3%         3d7       96%         4
 Leda's Liquefaction      Alch/Erth      1%         N/A       96%         4
 Olgreb's Toxic Radiance  Alch           3%         N/A       96%         4
 Sticky Flame             Fire/Alch      3%         2d4       96%         4
 Arcjolt                  Conj/Air       3%         1d13      99%         5
 Iskenderun's Battlesphe  Conj           4%         2d6       99%         5
 Sculpt Simulacrum        Ice/Alch       6%         N/A       99%         6
 Ozocubu's Refrigeration  Ice            10%        4d9       99%         7
 Alistair's Intoxication  Alch           2%         N/A       100%        5
 Borgnjor's Vile Clutch   Necr/Erth      1%         N/A       100%        5
 Irradiate                Conj/Alch      2%         3d12      100%        5
 Lee's Rapid Deconstruct  Erth           1%         3d4*      100%        5
 Bombard                  Conj/Erth      2%         9d1       100%        6
 Conjure Ball Lightning   Conj/Air       3%         3x3d6     100%        6
 Death Channel            Necr           1%         N/A       100%        6
 Eringya's Noxious Bog    Alch           1%         4d6       100%        6
 Plasma Beam              Fire/Air       2%         2x1d12    100%        6
 Haunt                    Necr/Summ      9%         N/A       100%        7
 Orb of Destruction       Conj           2%         9d5       100%        7
 Spellforged Servitor     Conj/Summ      9%         N/A       100%        7
 Borgnjor's Revivificati  Necr           1%         N/A       100%        8
 Discord                  Hex            7%         N/A       100%        8
 Disjunction              Tloc           10%        N/A       100%        8
 Ignition                 Fire           1%         3d3       100%        8
 Infestation              Necr           1%         N/A       100%        8
 Lehudib's Crystal Spear  Conj/Erth      2%         10d2      100%        8
 Maxwell's Capacitive Co  Air            3%         ∞         100%        8
 Death's Door             Necr           1%         N/A       100%        9
 Dragon's Call            Summ           16%        N/A       100%        9


Dungeon Overview and Level Annotations

Branches:
Dungeon (15/15)            Temple (0/1) D:4            Lair (5/5) D:10
 Shoals (4/4) Lair:2       Spider (4/4) Lair:3        Slime (5/5) Lair:4
    Orc (2/2) D:11            Elf (3/3) Orc:2        Vaults (5/5) D:13
  Crypt (3/3) Vaults:2       Tomb (0/3) Crypt:3      Depths (4/4) D:15
   Hell (visited)             Zot (5/5) Depths:4     Bailey (visited)
Volcano (visited)          WizLab (visited)
    Dis: Hell:1         Geh: Hell:1         Coc: Hell:1         Tar: Hell:1

Altars:
Ashenzari
Cheibriados
Dithmenos
Elyvilon
Hepliaklqana
Kikubaaqudgha
Makhleb
Nemelex Xobeh
Okawaru
Qazlal
Ru
Sif Muna
Uskayaw
Vehumet
Xom
Yredelemnul
Zin
Jiyva

Shops:
D:3 !:?(   D:4 ?   D:7 =   D:9 [   D:11 [*   D:15 (*(   Orc:2 (?*=   Elf:1 :
Vaults:1 (   Vaults:4 *   Depths:2 (

Portals:
Hell: Depths:1 Depths:2 Depths:3 Depths:4
Abyss: Depths:3 Depths:4
Pandemonium: Depths:2 Depths:3
Ziggurat: Depths:4
Bazaar: Depths:2

Annotations:
D:3 1 exclusion
D:9 1 exclusion
D:13 exclusion: downstairs
Hell Geryon


Innate Abilities, Weirdness & Mutations

((You are very nimble when in or above water. (Stealth+, EV+, Speed+++)))
Your lower body shifts to a powerful aquatic tail in water.
You sometimes lose your temper in combat.
Armour fits poorly on your strangely shaped body.
Your body sometimes deteriorates upon taking damage.
You are dopey. (Int -2)
You have an increased reservoir of magic. (+10% MP)
Your spells are easier to cast, but less powerful.
You occasionally lose the ability to drink potions when taking damage.
You passively dampen the noise of your surroundings.
Your health recovers twice as slowly from being drained.


Message History

There is a stone staircase leading up, spattered with blood here.
Things that are here:
a +0 ring mail; a +3 trident of protection You climb upwards.
There is a stone staircase leading down here.
You see here a +0 club.
There is an open door here.
There is an escape hatch in the ceiling here.
A mysterious force pulls you upwards. The hatch slams shut behind you.
There is an escape hatch in the ceiling here.
A mysterious force pulls you upwards. The hatch slams shut behind you.
There is an open door here.
A glowing orange brain comes into view.
Unknown command.
You chop the glowing orange brain into pieces!!!
You carve the glowing orange brain like a ham!!!
You kill the glowing orange brain!
Makhleb accepts your kill.
There is a stone staircase leading up, spattered with blood here.
You climb upwards.
There is a stone staircase leading down here.
You can't go up here!
Things that are here:
a +0 robe; a +0 dagger
There is a stone staircase leading up here.
You climb upwards.
Level annotation: 1 exclusion
There is a stone staircase leading down here.
A Wuacw and a ynoxinul come into view.
Okay, then.
The ynoxinul moves out of view.
There is a stone staircase leading up here.
You climb upwards.
There is a stone staircase leading down here.
There is a stone staircase leading up here.
You climb upwards.
There is a stone staircase leading down here.
There is an open door here.
There is a staircase leading out of the dungeon here.
You have escaped!

#.##.......#.# #
###.##.....>.#.# #
#............#.##### #
#.....#.#...##.....##
#..............###..##
#......##.###### ##..#
#......##.#########..#####
#####.....##.....##..##..#
#..#####..@..'...##..#
#..# #.....##..##..# #..#
########...'..# ####
#..############..##..#
#...
#..#.............##..#
#.##
#..#.#.........⌠.##..# #.#
##..#.#########...#####
#.## ####......## ###
#...#### #... #......###.#
#.# ##.#...####..#


There were no monsters in sight!

Vanquished Creatures
  3 dread liches
  Frederick (Crypt:1)
  7 orbs of fire
  2 ancient liches
  5 Killer Klowns (Zot:5)
  A curse toe (Zot:5)
  A caustic shrike (Depths:3)
  14 golden dragons
  Nikola (Depths:1)
  3 bone dragons
  5 electric golems
  A walking crystal tome (Depths:3)
  Mlioglotl (Shoals:3)
  21 Orb Guardians
  A Cloud Mage (WizLab)
  Jorgrun (D:15)
  8 liches
  17 tentacled monstrosities
  A walking divine tome (Depths:3)
  2 walking frostbound tomes (Depths:3)
  2 deep elf master archers (Elf:3)
  2 deep elf blademasters
  8 titans
  10 acid blobs
  7 quicksilver dragons
  2 tentacled starspawn (Abyss:3)
  5 sphinxes
  4 ancient champions
  An Executioner (D:15)
  Polyphemus (Shoals:3)
  Agnes (Elf:1)
  A kraken (Shoals:2)
  2 death cobs
  Gastronok (Lair:2)
  12 storm dragons
  2 revenants
  3 azure jellies
  13 frost giants
  9 tengu reavers
  14 fire giants
  7 shadow dragons
  8 draconian monks
  7 protean progenitors
  3 draconian knights
  A rockslime (Slime:4)
  An iron dragon (Depths:3)
  8 deep elf sorcerers
  5 draconian shifters
  4 ghost moths
  6 draconian scorchers
  4 emperor scorpions (Spider:4)
  A cacodemon (Zot:3)
  5 deep elf elementalists
  20 vault wardens
  An orc warlord (Vaults:1)
  A curse skull (Crypt:2)
  5 draconian stormcallers
  4 ghouls
  5 draconian annihilators
  20 ironbound preservers
  6 formless jellyfish
  23 stone giants
  21 very ugly things
  A juggernaut skeleton (Crypt:3)
  6 vampire knights
  7 quicksilver oozes
  5 ironbound thunderhulks
  A spriggan defender (Depths:4)
  5 broodmothers
  15 green draconians
  12 white draconians
  6 deep elf demonologists
  6 deep elf death magi
  5 war gargoyles
  15 black draconians
  10 spark wasps
  9 purple draconians
  4 deep elf annihilators (Elf:3)
  The ghost of Ceyroiss the Quickloader, a journeyman HuWn of Dithmenos (Lair:4)
  3 dire elephants (Vaults:3)
  A lorocyproca (Depths:2)
  6 yellow draconians
  7 red draconians
  3 eidola
  5 blizzard demons
  11 ettins
  12 merfolk impalers
  5 jiangshi
  3 crystal guardians (Crypt:3)
  5 deep elf high priests
  7 fire dragons
  2 entropy weavers (Spider:3)
  Josephine (Lair:4)
  9 great orbs of eyes
  9 hydras
  A great orb of eyes (shapeshifter) (Vaults:5)
  16 yaktaur captains
  4 ghost crabs (WizLab)
  A fenstrider witch zombie (Crypt:1)
  3 ironbound frosthearts
  6 ice dragons
  2 rakshasas (Depths:2)
  A hell beast (Depths:1)
  6 jorogumos
  8 alligators
  28 vault guards
  A peacekeeper (Vaults:4)
  5 spriggan air magi
  4 merfolk avatars
  5 radroaches
  4 alligator snapping turtles
  4 ogre magi
  2 anacondas (Zot:4)
  7 boulder beetles
  A spriggan skeleton (Crypt:3)
  41 dancing weapons
  16 centaur warriors
  2 catoblepae
  2 satyrs (Zot:3)
  6 tengu warriors
  3 hell hogs (Abyss:3)
  3 deep troll shamans
  2 merfolk aquamancers (Shoals:4)
  12 two-headed ogres
  5 vampire magi
  A death scarab (Spider:2)
  7 deep troll earth magi
  9 spriggan berserkers
  3 orc high priests
  2 occultists (Depths:4)
  7 thrashing horrors (Abyss:3)
  4 demonic crawlers
  3 shock serpents (WizLab)
  2 death yaks
  15 deep elf knights
  The ghost of koorschki the Martial Artist, a novice OpSh of Ashenzari (D:9)
  13 hell knights
  A titan skeleton (Crypt:1)
  4 wretched stars (Abyss:3)
  2 skysharks
  Amaemon (D:11)
  An iron troll (Depths:2)
  8 pharaoh ants
  3 goliath frogs
  A golden dragon zombie (Crypt:3)
  A storm dragon zombie (Depths:2)
  8 sea snakes
  An obsidian statue (Depths:2)
  9 large abominations
  33 skeletal warriors
  An arcanist (Vaults:1)
  56 deep trolls
  A glowing orange brain (shapeshifter) (Depths:3)
  4 glowing orange brains
  A tengu zombie (Depths:2)
  A bog body (Crypt:2)
  A mana viper (Abyss:3)
  5 orb spiders
  6 steelbarb worms
  4 phantasmal warriors
  16 ironbound convokers
  A sun moth (shapeshifter) (Elf:2)
  A sun moth (Lair:3)
  12 necromancers
  18 starcursed masses
  25 harpies
  Pikel (D:4)
  9 deep elf archers
  5 lindwurms
  2 orc knights (Vaults:1)
  27 deep elf zephyrmancers
  18 wolf spiders
  14 fauns
  24 deep elf pyromancers
  32 ugly things
  An orc sorcerer (Orc:2)
  A shining eye (shapeshifter) (Depths:2)
  2 fire giant zombies
  A will-o-the-wisp (Abyss:3)
  18 manticores
  An iron dragon skeleton (Depths:2)
  An elephant (shapeshifter) (Depths:4)
  7 cyclopes
  26 moths of wrath
  A stone giant skeleton (Crypt:2)
  A water nymph (shapeshifter) (Depths:3)
  A kobold blastminer (Orc:1)
  5 merfolk sirens
  7 meliai
  7 elephants
  3 apocalypse crabs
  Joseph (Lair:1)
  2 centaur zombies
  3 eyes of devastation
  2 black mambas (Lair:5)
  4 smoke demons
  20 vault sentinels
  4 water nymphs
  2 gargoyles
  2 dire elephant skeletons
  An elephant slug zombie (Crypt:1)
  An alligator snapping turtle zombie (Crypt:3)
  2 orange demons
  7 torpor snails
  2 rime drakes
  A fire giant skeleton (Depths:1)
  A hellion (Abyss:3)
  7 komodo dragons
  12 cane toads
  4 spriggan zombies
  52 yaktaurs
  7 kobold demonologists
  4 tengu conjurers
  An unseen horror skeleton (Crypt:2)
  2 ancient zymes (Abyss:3)
  A harpy zombie (Crypt:3)
  7 freezing wraiths
  2 hellwings
  34 merfolk
  3 polar bears
  A polar bear (shapeshifter) (D:9)
  7 trolls
  8 wind drakes
  8 hornets
  A merfolk (shapeshifter) (Vaults:5)
  A harpy skeleton (Crypt:3)
  A jumping spider zombie (Crypt:2)
  27 tarantellas
  3 blink frogs
  11 snapping turtles
  7 raiju
  4 glass eyes
  A hydra skeleton (Crypt:3)
  11 air elementals
  A fire giant simulacrum (Depths:1)
  An ettin zombie (Crypt:1)
  4 dream sheep
  A glass eye (shapeshifter) (Depths:4)
  103 slime creatures
  31 jumping spiders
  2 vampires
  9 wraiths
  A ynoxinul (Abyss:3)
  23 culicivoras
  A jumping spider (shapeshifter) (Vaults:5)
  16 water elementals
  2 fire elementals (Elf:2)
  13 yaks
  6 fire bats
  14 spriggans
  4 basilisks
  9 wyverns
  A human (Spider:3)
  12 golden eyes
  53 redbacks
  4 neqoxecs (Abyss:3)
  2 steam dragons
  4 chaos spawn (Abyss:3)
  5 wargs
  9 vampire mosquitoes
  A harpy simulacrum (Crypt:1)
  3 acid dragons (D:9)
  9 water moccasins
  A glowing shapeshifter skeleton (Depths:2)
  4 nameless horrors
  6 black bears
  12 orc warriors
  36 laughing skulls
  5 small abominations
  25 wolves
  22 ogres
  A sky beast (D:6)
  A centaur (shapeshifter) (D:13)
  7 centaurs
  9 boggarts
  A hog zombie (Crypt:2)
  A hog skeleton (Crypt:2)
  4 lemures (D:4)
  9 kobold brigands
  2 brain worms (Abyss:3)
  11 bullfrogs
  3 necrophages
  4 gnoll sergeants
  A naga simulacrum (Crypt:1)
  3 earth elementals
  2 scorpions
  8 wights
  17 killer bees
  A shapeshifter skeleton (Crypt:2)
  5 electric eels
  2 howler monkeys
  4 jellies
  3 lava snakes (Lair:2)
  3 bombardier beetles
  2 hounds
  10 orc priests
  Crazy Yiuf (D:2)
  An iron imp (Abyss:2)
  An iguana (D:5)
  18 orc wizards
  An acid dragon skeleton (Crypt:1)
  A deep dwarf skeleton (Crypt:2)
  An ogre skeleton (Crypt:2)
  2 naga skeletons
  A swamp drake zombie (Crypt:1)
  19 gnolls
  8 adders
  2 shadow imps
  5 white imps
  8 ufetubi
  6 dart slugs
  A ribbon worm (D:3)
  46 orcs
  A bat skeleton (Crypt:1)
  3 endoplasms
  2 giant cockroaches
  4 hobgoblins
  31 kobolds
  4 quokkas
  6 ball pythons
  5 bats
  3 frilled lizards
  4 goblins
  A jackal skeleton (Crypt:1)
  6 rats
  2 lurking horrors (Abyss:3)
  A starspawn tentacle (Abyss:3)
2314 creatures vanquished.

Vanquished Creatures (collateral kills)
  Tiamat (Zot:1)
  Bai Suzhen (Spider:4)
  3 golden dragons
  A tentacled monstrosity (Zot:4)
  Rupert (Lair:4)
  5 Orb Guardians (Zot:5)
  2 acid blobs
  A storm dragon (Zot:5)
  The ghost of tadhg the Metamorph, an adept MfSh of Trog (Spider:2)
  A protean progenitor (Depths:4)
  A deep elf sorcerer (Elf:3)
  Ilsuiw (Shoals:3)
  2 emperor scorpions
  2 draconian shifters (Zot:2)
  2 vault wardens (Vaults:4)
  Louise (D:14)
  A draconian stormcaller (Zot:2)
  A ghost moth (Spider:4)
  An ironbound preserver (Vaults:4)
  A caustic shrike skeleton (Abyss:2)
  An ironbound thunderhulk (Vaults:4)
  A broodmother (Spider:4)
  A very ugly thing (Abyss:3)
  A green draconian (Depths:4)
  A white draconian (Zot:2)
  2 deep elf annihilators (Elf:3)
  2 starcursed masses
  2 yellow draconians (Zot:2)
  A dire elephant (Vaults:4)
  A red draconian (Zot:2)
  2 black draconians
  A merfolk javelineer (Shoals:4)
  5 merfolk impalers
  A great orb of eyes (Abyss:2)
  A fire dragon (Volcano)
  4 vault guards (Vaults:3)
  2 entropy weavers
  2 deep elf high priests (Elf:3)
  A jorogumo (Spider:4)
  An ogre mage (Vaults:3)
  2 hydras
  A centaur warrior (D:13)
  An ice dragon (Depths:2)
  2 boulder beetles
  2 two-headed ogres (Orc:2)
  3 dancing weapons (Elf:2)
  2 death yaks (Shoals:3)
  2 demonic crawlers
  A deep elf knight (Elf:1)
  A skyshark (Shoals:3)
  A sixfirhy (Zot:3)
  A skeletal warrior (D:15)
  2 pharaoh ants
  2 deep trolls
  A death drake (WizLab)
  3 orb spiders
  A glowing orange brain (Abyss:2)
  3 deep elf archers
  6 deep elf pyromancers
  5 harpies
  A deep elf zephyrmancer (Elf:1)
  4 wolf spiders
  5 ugly things
  A manticore (D:12)
  3 moths of wrath
  3 salamanders (Volcano)
  An orc sorcerer (Elf:2)
  A shining eye (Slime:2)
  2 fauns
  2 merfolk sirens
  An apocalypse crab (Shoals:2)
  A meliai (Spider:4)
  3 elephants (Lair:5)
  A black mamba (Lair:2)
  A vault sentinel (Vaults:3)
  A smoke demon (Abyss:2)
  2 torpor snails
  2 cane toads
  A kobold demonologist (D:10)
  A komodo dragon (Volcano)
  4 trolls
  2 merfolk
  3 tarantellas
  2 wind drakes (Shoals:2)
  2 hornets
  A blink frog (Lair:5)
  4 dream sheep
  2 snapping turtles
  5 slime creatures
  6 culicivoras
  2 wraiths
  2 small abominations (Abyss:2)
  3 spriggans (Lair:5)
  9 jumping spiders
  2 basilisks (Lair:5)
  2 fire bats (Volcano)
  A fire elemental (Elf:1)
  A ynoxinul (Abyss:2)
  A steam dragon (D:5)
  15 redbacks
  A vampire mosquito (D:13)
  A water moccasin (D:8)
  An orc warrior (Orc:2)
  2 black bears (Lair:5)
  2 wolves (Lair:5)
  4 ogres (Orc:2)
  A centaur (D:15)
  A killer bee (D:7)
  An electric eel (D:13)
  A quasit (Abyss:2)
  2 orc priests (Orc:2)
  An orc wizard (Orc:2)
  An ufetubus (Abyss:2)
  3 orcs
  2 kobolds (D:10)
235 creatures vanquished.

Vanquished Creatures (others)
  A tentacled monstrosity (Zot:1)
  A death cob (Zot:5)
  2 fire giants
  A draconian monk (Zot:1)
  An ironbound thunderhulk (Vaults:4)
  A green draconian (Depths:4)
  A black draconian (Zot:2)
  2 white draconians (Zot:5)
  A yellow draconian (Zot:2)
  A red draconian (Zot:2)
  A vault guard (Vaults:5)
  A centaur warrior (D:15)
  A vampire mage (Crypt:1)
  A deep elf knight (Elf:2)
  A deep elf zephyrmancer (Elf:2)
  2 wolf spiders (Spider:4)
  2 moths of wrath (Zot:2)
  2 meliai (Spider:4)
  A snapping turtle (Shoals:4)
  An air elemental (WizLab)
  A wraith (Crypt:2)
  A laughing skull (Abyss:3)
  A boggart (D:15)
  An ogre (Volcano)
  A white imp (Abyss:3)
  An adder skeleton (Crypt:2)
  12 foxfires (Abyss:3)
  22 snaplasher vines
  8 starspawn tentacles
  4 tentacles (Shoals:2)
77 creatures vanquished.

Grand Total: 2626 creatures vanquished

Notes
Turn   | Place    | Note
-------+----------+-------------------------------------------
     0 | D:1      | iamserjio the Merfolk Air Elementalist began the quest for
                  | the Orb.
     0 | D:1      | Reached XP level 1. HP: 13/13 MP: 3/3
   194 | D:1      | Reached skill level 1 in Polearms
   279 | D:1      | Reached skill level 1 in Fighting
   279 | D:1      | Reached XP level 2. HP: 21/21 MP: 1/5
   329 | D:1      | Learned a level 2 spell: Static Discharge
  1012 | D:1      | Reached skill level 2 in Fighting
  1129 | D:1      | Reached XP level 3. HP: 27/27 MP: 4/6
  1374 | D:1      | Learned a level 3 spell: Swiftness
  1661 | D:2      | Found a runed translucent door.
  1662 | D:2      | Noticed Crazy Yiuf
  1940 | D:2      | Found a white marble altar of Elyvilon.
  1987 | D:2      | Reached skill level 1 in Long Blades
  2287 | D:3      | Reached XP level 4. HP: 34/34 MP: 4/7
  2563 | D:3      | Found Xuocaciacw's Magic Scroll Shoppe.
  2571 | D:3      | Bought a scroll of fear for 56 gold pieces
  2571 | D:3      | Bought a scroll of noise for 14 gold pieces
  2571 | D:3      | Bought a scroll of identify for 28 gold pieces
  2803 | D:3      | Found a faded altar of an unknown god.
  2883 | D:3      | Found Tavue's Antique Weapon Boutique.
  2954 | D:3      | Found Suliepee's Book Boutique.
  2958 | D:3      | Found Konus's Distillery.
  3061 | D:3      | Bought a potion of degeneration for 14 gold pieces
  3401 | D:3      | Reached skill level 3 in Fighting
  3401 | D:3      | Reached XP level 5. HP: 23/41 MP: 8/8
  3637 | D:4      | Found Sesuotz's Magic Scroll Emporium.
  3655 | D:4      | Bought a scroll of teleportation for 36 gold pieces
  3860 | D:4      | Found a hide-covered altar of Uskayaw.
  4035 | D:4      | Found a burning altar of Makhleb.
  4035 | D:4      | Noticed a balrug
  4052 | D:4      | Noticed a hellwing
  4052 | D:4      | Noticed an orange demon
  4054 | D:4      | Became a worshipper of Makhleb the Destroyer
  4380 | D:4      | Found a staircase to the Ecumenical Temple.
  4392 | D:4      | Noticed a lemure
  4392 | D:4      | Noticed Pikel
  4401 | D:4      | Noticed a lemure
  4413 | D:4      | Noticed a lemure
  4417 | D:4      | Killed a lemure
  4420 | D:4      | Noticed a lemure
  4442 | D:4      | Killed a lemure
  4456 | D:4      | Killed a lemure
  4553 | D:4      | Killed a lemure
  4618 | D:4      | Killed Pikel
  4619 | D:4      | Reached skill level 5 in Fighting
  4619 | D:4      | Reached XP level 6. HP: 51/51 MP: 0/9
  4619 | D:4      | Reached XP level 7. HP: 56/56 MP: 0/10
  4753 | D:4      | Identified the +0 robe "Ikoram" {rElec rPois Stlth+}
  4953 | D:5      | Entered Level 5 of the Dungeon
  5008 | D:3      | Bought a potion of curing for 42 gold pieces
  5294 | D:5      | Noticed a steam dragon
  5754 | D:5      | Reached XP level 8. HP: 41/63 MP: 11/11
  6179 | D:5      | Found an ancient bone altar of Kikubaaqudgha.
  6318 | D:5      | Reached skill level 6 in Fighting
  7260 | D:6      | Reached * piety under Makhleb
  7854 | D:6      | Learned a level 3 spell: Call Canine Familiar
  8195 | D:3      | Bought a potion of might for 56 gold pieces
  8249 | D:4      | Bought a scroll of teleportation for 36 gold pieces
  8381 | D:7      | Found Bitusmu's Jewellery Emporium.
  8543 | D:7      | Found a flagged portal.
  8560 | Bailey   | Entered a bailey
  8691 | D:7      | Reached skill level 10 in Long Blades
  8691 | D:7      | Reached XP level 9. HP: 31/71 MP: 12/12
  8993 | D:7      | Reached skill level 7 in Fighting
  9092 | D:7      | Found a hazy altar of Hepliaklqana.
  9529 | D:7      | Found a sacrificial altar of Ru.
  9699 | D:8      | Noticed a two-headed ogre
  9737 | D:8      | Killed a two-headed ogre
  9738 | D:8      | Reached skill level 5 in Dodging
 10615 | D:8      | Found a sparkling altar of Nemelex Xobeh.
 10756 | D:7      | Reached skill level 1 in Summonings
 10877 | D:8      | Reached ** piety under Makhleb
 11469 | D:8      | Reached XP level 10. HP: 60/79 MP: 14/14
 11741 | D:8      | Found Zin's Purification Station.
 11741 | D:8      | Found a glowing silver altar of Zin.
 11879 | D:8      | Found a shimmering altar of Xom.
 11879 | D:8      | Found a shadowy altar of Dithmenos.
 11958 | D:4      | Bought a scroll of teleportation for 36 gold pieces
 12062 | D:2      | Killed Crazy Yiuf
 12798 | D:5      | Found an ancient bone altar of Kikubaaqudgha.
 13833 | D:8      | Found a sparkling altar of Nemelex Xobeh.
 13954 | D:8      | Found a shimmering altar of Xom.
 13954 | D:8      | Found a shadowy altar of Dithmenos.
 14115 | D:8      | Found Zin's Purification Station.
 14120 | D:8      | Found a glowing silver altar of Zin.
 14441 | D:3      | Bought 2 potions of curing for 84 gold pieces
 14567 | D:9      | Reached skill level 5 in Summonings
 14575 | D:9      | Noticed a two-headed ogre
 14697 | D:9      | Found Lyusmatu's Antique Armour Shop.
 15021 | D:9      | Gained mutation: You have supernaturally acute eyesight.
                  | (SInv) [potion of mutation]
 15021 | D:9      | Gained mutation: You occasionally shout uncontrollably at
                  | your foes. [potion of mutation]
 15379 | D:9      | Noticed a boulder beetle
 15394 | D:9      | Noticed a centaur warrior
 15399 | D:9      | Killed a boulder beetle
 15400 | D:9      | Reached skill level 1 in Evocations
 15457 | D:9      | Noticed a purple ugly thing
 15467 | D:8      | Killed a centaur warrior
 15780 | D:3      | Bought a potion of might for 56 gold pieces
 15987 | D:9      | Killed a purple ugly thing
 16007 | D:9      | Noticed a kobold demonologist
 16035 | D:9      | Killed a kobold demonologist
 16036 | D:9      | Reached XP level 11. HP: 85/85 MP: 15/17
 16086 | D:9      | Found a basalt altar of Yredelemnul.
 16088 | D:9      | Noticed a four-headed hydra
 16152 | D:9      | Noticed a manticore
 16195 | D:9      | Reached *** piety under Makhleb
 16211 | D:9      | Found a runed translucent gate.
 16211 | D:9      | Found a runed translucent gate.
 16211 | D:9      | Found a runed translucent gate.
 16250 | D:9      | Noticed koorschki's ghost (novice OpSh)
 16252 | D:9      | Noticed an 11-headed hydra
 16256 | D:10     | Entered Level 10 of the Dungeon
 16646 | D:10     | Reached skill level 8 in Fighting
 17669 | D:10     | Found a staircase to the Lair.
 17750 | D:10     | Reached **** piety under Makhleb
 17751 | D:10     | Reached skill level 5 in Evocations
 17813 | D:10     | Found a stormy altar of Qazlal.
 17952 | D:10     | Found a shimmering blue altar of Sif Muna.
 18130 | D:10     | Learned a level 3 spell: Summon Ice Beast
 18132 | D:10     | Learned a level 1 spell: Apportation
 18243 | D:11     | Noticed Amaemon
 18265 | D:11     | Noticed a manticore
 18291 | D:11     | Killed a manticore
 18292 | D:11     | Reached skill level 10 in Dodging
 18292 | D:11     | Reached skill level 1 in Ice Magic
 18457 | D:11     | Noticed a boulder beetle
 18469 | D:11     | Killed a boulder beetle
 18532 | D:11     | Noticed a cyan ugly thing
 18560 | D:11     | Found a staircase to the Orcish Mines.
 18561 | D:11     | Found Voongaupn's Armour Shoppe.
 18561 | D:11     | Noticed a manticore
 18568 | D:11     | Noticed a boulder beetle
 18580 | D:11     | Killed a boulder beetle
 18597 | D:11     | Killed a manticore
 18679 | D:11     | Identified the +9 hand axe of Yesterday {speed, rElec rC+
                  | Str-4 SInv}
 18741 | D:11     | Found Cauntiq's General Store.
 19524 | D:12     | Reached skill level 5 in Invocations
 20277 | D:12     | Reached XP level 12. HP: 86/93 MP: 15/18
 21934 | D:8      | Bought a potion of curing for 90 gold pieces
 22003 | D:7      | Bought a ring of poison resistance for 220 gold pieces
 22251 | Lair:1   | Entered Level 1 of the Lair of Beasts
 22464 | Lair:1   | Reached skill level 9 in Fighting
 22710 | Lair:1   | Noticed Joseph
 22722 | Lair:1   | Killed Joseph
 22836 | Lair:1   | Noticed a catoblepas
 22845 | Lair:1   | Killed a catoblepas
 22846 | Lair:1   | Reached skill level 10 in Fighting
 23294 | Lair:2   | Noticed Gastronok
 23305 | Lair:2   | Killed Gastronok
 23306 | Lair:2   | Reached skill level 11 in Fighting
 23543 | Lair:2   | Found a dark tunnel.
 23552 | Volcano  | Entered a volcano
 23672 | Volcano  | Reached XP level 13. HP: 90/107 MP: 16/19
 23678 | Volcano  | Reached skill level 12 in Fighting
 24157 | Volcano  | Reached skill level 13 in Fighting
 24598 | Volcano  | Noticed a fire dragon
 24770 | Volcano  | Killed a fire dragon
 25154 | Lair:2   | Found a staircase to the Shoals.
 25423 | Lair:2   | Noticed Maggie
 25620 | Lair:2   | Maggie changed into Maggie the bullfrog
 25620 | Lair:2   | Noticed Maggie
 25623 | Lair:2   | Killed Maggie the bullfrog
 25756 | Lair:2   | Reached skill level 14 in Fighting
 26255 | Lair:2   | Reached skill level 15 in Fighting
 26602 | Lair:3   | Found a hole to the Spider Nest.
 26718 | Lair:3   | Found a snail-covered altar of Cheibriados.
 26943 | Lair:3   | Reached skill level 16 in Fighting
 27000 | Lair:3   | Found an ancient bone altar of Kikubaaqudgha.
 27517 | Lair:4   | Noticed Josephine
 27533 | Lair:4   | Killed Josephine
 27534 | Lair:4   | Reached XP level 14. HP: 96/123 MP: 14/20
 27629 | Lair:4   | Found a viscous altar of Jiyva.
 27634 | Lair:4   | Found a staircase to the Slime Pits.
 27634 | Lair:4   | Noticed Rupert
 27739 | Lair:4   | Paralysed by Rupert for 5 turns
 27747 | Lair:4   | Found a runed translucent door.
 27747 | Lair:4   | Found a shimmering altar of Xom.
 27747 | Lair:4   | Identified the +1 quarterstaff of True Grit {chaos, rC+
                  | Int+4}
 27747 | Lair:4   | Noticed Ceyroiss's ghost (journeyman HuWn)
 27796 | Lair:5   | Entered Level 5 of the Lair of Beasts
 27969 | Lair:4   | Reached skill level 17 in Fighting
 28482 | Lair:5   | Reached skill level 1 in Shields
 28489 | Lair:5   | Reached ***** piety under Makhleb
 28546 | Lair:5   | Reached skill level 18 in Fighting
 28869 | Lair:5   | Paralysed by a hornet for 1 turns
 29875 | D:13     | Identified the +1 ring mail "Ekaddufu" {Str+2}
 30449 | D:13     | Found a gate to the Vaults.
 30486 | D:13     | Reached skill level 5 in Shields
 30701 | D:14     | Found a shimmering altar of Xom.
 30987 | D:9      | Reached XP level 15. HP: 137/137 MP: 21/21
 31156 | D:9      | Found a broken altar of Ashenzari.
 31611 | D:3      | Bought a crystal great sword for 287 gold pieces
 31611 | D:3      | Identified the +10 great sword of Qipol {holy, rPois Dex+3}
                  | (You bought it in a shop on level 3 of the Dungeon)
 31891 | D:14     | Identified the +5 spear of Efuyfuudgh {protect, *Noise
                  | rElec rN+ Dex+2}
 32187 | D:14     | Reached skill level 19 in Fighting
 32376 | D:14     | Found an iron altar of Okawaru.
 32723 | D:14     | Noticed Louise
 32967 | D:15     | Entered Level 15 of the Dungeon
 33022 | D:15     | Found Emnimago's Antique Weapon Shop.
 33438 | D:15     | Found Voinal's General Store.
 33589 | D:15     | Bought a wand of acid (5) for 357 gold pieces
 33589 | D:15     | Bought a scroll of teleportation for 51 gold pieces
 33660 | D:15     | Reached skill level 20 in Fighting
 34017 | D:15     | Noticed Jorgrun
 34166 | D:15     | Found Dogaemap's Weapon Shop.
 34661 | D:11     | Killed Amaemon
 34729 | Orc:1    | Entered Level 1 of the Orcish Mines
 34855 | Orc:2    | Entered Level 2 of the Orcish Mines
 35273 | Orc:2    | Found a staircase to the Elven Halls.
 35377 | Orc:2    | Found Kuraoq's Magic Scroll Shoppe.
 35379 | Orc:2    | Found Ygevuk's Weapon Boutique.
 35415 | Orc:2    | Reached skill level 21 in Fighting
 35477 | Orc:2    | Found Ozail's Jewellery Shop.
 35482 | Orc:2    | Found Beelov's Assorted Antiques.
 35614 | Orc:2    | Reached XP level 16. HP: 118/152 MP: 14/22
 35723 | Orc:2    | Bought a scroll of teleportation for 42 gold pieces
 35723 | Orc:2    | Bought a scroll of teleportation for 42 gold pieces
 35723 | Orc:2    | Bought a scroll of fog for 56 gold pieces
 36619 | D:3      | Bought a Fen Folio for 420 gold pieces
 36625 | D:3      | Learned a level 5 spell: Summon Forest
 36764 | D:9      | Bought a glowing cloak for 217 gold pieces
 36826 | D:7      | Bought a ring of protection from fire for 275 gold pieces
 36914 | D:9      | Killed koorschki's ghost
 36921 | D:9      | Identified the +10 war axe "Oqoma" {antimagic, *Noise rCorr
                  | Str+5 Stlth+}
 37009 | Elf:1    | Entered Level 1 of the Elven Halls
 37022 | Orc:2    | Reached skill level 1 in Translocations
 37218 | Spider:1 | Entered Level 1 of the Spider Nest
 38077 | Spider:1 | Identified the +5 plate armour of the Onion {rC+}
 38977 | Spider:2 | Reached skill level 5 in Spellcasting
 39194 | Spider:2 | Learned a level 4 spell: Passage of Golubria
 40086 | Spider:2 | Reached skill level 5 in Translocations
 40323 | Spider:2 | Found a runed translucent gate.
 40324 | Spider:2 | Found a runed translucent gate.
 40326 | Spider:2 | Found a runed translucent gate.
 40326 | Spider:2 | Noticed tadhg's ghost (adept MfSh)
 41144 | Spider:3 | Reached XP level 17. HP: 104/159 MP: 16/26
 41308 | Spider:3 | Reached skill level 10 in Summonings
 41837 | Spider:3 | Gained mutation: Your body sometimes deteriorates upon
                  | taking damage. [mutagenic glow]
 41841 | Spider:4 | Entered Level 4 of the Spider Nest
 42214 | Spider:3 | Gained mutation: You are weak. (Str -2) [mutagenic glow]
 42222 | Spider:3 | Gained mutation: Potions are less effective at restoring
                  | your health. [mutagenic glow]
 42400 | Spider:3 | Lost mutation: You have supernaturally acute eyesight.
                  | (SInv) [potion of mutation]
 42400 | Spider:3 | Lost mutation: Your body sometimes deteriorates upon taking
                  | damage. [potion of mutation]
 42400 | Spider:3 | Lost mutation: You occasionally shout uncontrollably at
                  | your foes. [potion of mutation]
 42400 | Spider:3 | Gained mutation: You occasionally lose the ability to drink
                  | potions when taking damage. [potion of mutation]
 42400 | Spider:3 | Gained mutation: Your mind is acute. (Int +4, Str/Dex -1)
                  | [potion of mutation]
 42401 | Spider:3 | Lost mutation: You are weak. (Str -2) [potion of mutation]
 42401 | Spider:3 | Lost mutation: You occasionally lose the ability to drink
                  | potions when taking damage. [potion of mutation]
 42401 | Spider:3 | Gained mutation: Armour fits poorly on your strangely
                  | shaped body. [potion of mutation]
 42401 | Spider:3 | Gained mutation: You have an increased reservoir of magic.
                  | (+10% MP) [potion of mutation]
 44030 | Spider:4 | Noticed Bai Suzhen
 44086 | Spider:4 | Killed Bai Suzhen
 44535 | Spider:3 | Reached skill level 22 in Fighting
 46414 | Spider:4 | Identified the +1 hat "Siaw" {rF+ rN+ Will+ Str+2}
 46447 | Spider:4 | Reached XP level 18. HP: 123/168 MP: 0/29
 46594 | Spider:4 | Got a gossamer rune of Zot
 47090 | Lair:4   | Killed Rupert
 47438 | Lair:4   | Killed Ceyroiss's ghost
 47439 | Lair:4   | Reached skill level 1 in Armour
 47592 | Orc:2    | Bought a scroll of butterflies for 56 gold pieces
 47598 | Orc:2    | Bought a potion of invisibility for 248 gold pieces
 47738 | Abyss:2  | Cast into level 2 of the Abyss (Louise)
 47781 | Abyss:2  | Found a corrupted altar of Lugonu.
 47781 | Abyss:2  | Found a corrupted altar of Lugonu.
 47783 | Abyss:2  | Found a corrupted altar of Lugonu.
 47933 | Abyss:2  | Found a corrupted altar of Lugonu.
 48086 | Abyss:2  | Found a corrupted altar of Lugonu.
 48184 | Abyss:2  | Noticed a lich
 48200 | Abyss:2  | Killed a lich
 48333 | Abyss:2  | Noticed a bone dragon
 48349 | Abyss:3  | Noticed a bone dragon
 48470 | Abyss:3  | Noticed an ancient lich
 48516 | D:14     | Escaped the Abyss
 48699 | D:14     | Killed Louise
 48700 | D:14     | Reached skill level 15 in Long Blades
 48738 | D:14     | Identified the +1 robe "Funuig" {rC++ Will+}
 49044 | Shoals:1 | Entered Level 1 of the Shoals
 50121 | Shoals:2 | You fall into a shaft and drop 1 floor!
 50121 | Shoals:3 | Noticed Ilsuiw
 50244 | Shoals:3 | Killed Ilsuiw
 50662 | Shoals:3 | Noticed Mlioglotl
 50965 | Shoals:3 | Killed Mlioglotl
 51109 | Shoals:3 | Noticed Polyphemus
 51512 | Shoals:3 | Lost mutation: Armour fits poorly on your strangely shaped
                  | body. [potion of mutation]
 51512 | Shoals:3 | Lost mutation: Your mind is acute. (Int +4, Str/Dex -1)
                  | [potion of mutation]
 51512 | Shoals:3 | Gained mutation: You have sharp fingernails. [potion of
                  | mutation]
 51512 | Shoals:3 | Lost mutation: Potions are less effective at restoring your
                  | health. [potion of mutation]
 51512 | Shoals:3 | Gained mutation: Your muscles are strong. (Str +4, Int/Dex
                  | -1) [potion of mutation]
 51512 | Shoals:3 | Gained mutation: You passively map a small area around you.
                  | [potion of mutation]
 51567 | Shoals:3 | Killed Polyphemus
 51568 | Shoals:3 | Reached skill level 5 in Armour
 52359 | Shoals:2 | Reached XP level 19. HP: 174/174 MP: 30/30
 53488 | Shoals:2 | Noticed a tentacled monstrosity
 53500 | Shoals:2 | Killed a tentacled monstrosity
 53502 | Shoals:2 | Got the Folio of Mad Ravings
 53504 | Shoals:2 | Identified the ring "Keuplora" {rC+ rN++ SInv}
 53586 | Shoals:4 | Entered Level 4 of the Shoals
 53849 | Shoals:4 | Found a shimmering altar of Xom.
 54804 | Shoals:4 | Identified the staff of Fedhas's Scorn {rF+ rN+ Necro}
 55063 | Shoals:4 | Got a barnacled rune of Zot
 56021 | D:9      | Bought a masterwork scale mail for 261 gold pieces
 56021 | D:9      | Identified the +0 scale mail of Zin's Castigation {+Blink
                  | Slay+6} (You bought it in a shop on level 9 of the Dungeon)
 56614 | Spider:2 | Killed tadhg's ghost
 56791 | Spider:2 | Identified the amulet "Ixaplage" {rN++ Regen+ rCorr}
 56792 | Spider:2 | Identified the +1 cloak of Lifelessness {SInv}
 56806 | Spider:2 | Identified the +7 arbalest "Merfolk's Regret" {flame, rC+
                  | rCorr Dex+7 Stlth-}
 57522 | Elf:1    | Found Kustiu's Book Shop.
 58759 | Elf:1    | Found Kustiu's Book Shop.
 59394 | Elf:1    | Reached XP level 20. HP: 178/182 MP: 28/31
 59426 | Elf:1    | Got Adihej's Grimoire of the Swarm
 59585 | Elf:1    | Noticed Agnes
 59804 | Elf:1    | Killed Agnes
 60059 | Elf:2    | Paralysed by an air elemental for 1 turns
 60333 | Elf:2    | Found a radiant altar of Vehumet.
 61188 | Elf:2    | Found a runed translucent gate.
 61275 | Elf:2    | Found a runed translucent gate.
 61275 | Elf:2    | Found a runed translucent gate.
 61495 | Elf:3    | Entered Level 3 of the Elven Halls
 62691 | Elf:3    | Identified the ring "Cebuevva" {rElec rPois rN+ Stlth-}
 62705 | Elf:3    | Identified the +7 spear "Impslayer" {freeze, rN+}
 63076 | Elf:3    | Noticed a Brimstone Fiend
 63200 | Elf:3    | Identified the +1 scale mail of Nuth {rPois Str+4}
 63844 | Elf:3    | Noticed a Tzitzimitl
 63940 | Elf:3    | Identified the +1 falchion "Vod Raexom" {venom, rF+ rC+}
 64184 | Elf:3    | Found the +3 pair of gauntlets of War {Slay+5}
 64210 | Elf:3    | Got the Secrets of the Coruscating Panacea
 64215 | Elf:3    | Found the +3 Elemental Staff {ele, rElec rF+ rC+ AC+3}
 64217 | Elf:3    | Identified the +0 cloak of Xomyohaf {rF+}
 64228 | Elf:3    | Identified the staff of Vissih {rF+ rC+ Str+5 Fire Air}
 64239 | Elf:3    | Got the Excursus on the Glacier and Gloom
 64426 | Elf:3    | Identified a scroll of acquirement
 64426 | Elf:3    | Acquired 545 gold pieces
 65353 | Elf:2    | Reached XP level 21. HP: 139/189 MP: 23/33
 66025 | D:3      | Bought a scroll of enchant armour for 105 gold pieces
 66210 | Orc:2    | Bought a potion of cancellation for 248 gold pieces
 66210 | Orc:2    | Bought a wand of iceblast (3) for 223 gold pieces
 66319 | Vaults:1 | Entered Level 1 of the Vaults
 66342 | Vaults:1 | Reached skill level 10 in Invocations
 66361 | Vaults:1 | Learned a level 3 spell: Ozocubu's Armour
 66366 | Vaults:1 | Learned a level 4 spell: Manifold Assault
 66579 | Vaults:1 | Reached skill level 5 in Ice Magic
 66767 | Vaults:1 | Reached ****** piety under Makhleb
 67104 | Vaults:1 | Reached skill level 15 in Summonings
 67158 | Vaults:1 | Found Dicot's Antique Weapon Shop.
 67815 | Vaults:2 | Found a magical portal.
 67820 | WizLab   | Entered The Chambers of the Cloud Mage
 67940 | WizLab   | Paralysed by an air elemental for 1 turns
 67947 | WizLab   | Paralysed by an air elemental for 1 turns
 68164 | WizLab   | Paralysed by an air elemental for 1 turns
 68180 | WizLab   | Paralysed by an air elemental for 1 turns
 68213 | WizLab   | Paralysed by an air elemental for 1 turns
 68314 | WizLab   | Got the Elucidation of the Cumulonimbus
 68325 | WizLab   | Identified the +5 scimitar "Ruad" {venom, Int+3}
 68329 | WizLab   | Identified the +7 dagger of Reinforcement {freeze, Fly
                  | Int-5 Stlth+}
 68707 | Vaults:2 | You fall into a shaft and drop 2 floors!
 68882 | Vaults:4 | Found Fokuk's General Store.
 68966 | Vaults:4 | Reached skill level 10 in Ice Magic
 68974 | Vaults:4 | Reached XP level 22. HP: 193/196 MP: 18/34
 69162 | Vaults:4 | Paralysed by a formless jellyfish for 1 turns
 72237 | Vaults:2 | Found a staircase to the Crypt.
 72237 | Vaults:2 | Found a basalt altar of Yredelemnul.
 72237 | Vaults:2 | Found an ancient bone altar of Kikubaaqudgha.
 72441 | Vaults:1 | Learned a level 4 spell: Vhi's Electric Charge
 72632 | Elf:1    | Bought a manual of Armour for 1040 gold pieces
 72895 | D:3      | Bought a book of Spatial Translocations for 180 gold pieces
 72898 | D:3      | Learned a level 2 spell: Blink
 73434 | D:15     | Killed Jorgrun
 73657 | D:15     | Found a staircase to the Depths.
 73670 | Depths:1 | Entered Level 1 of the Depths
 73808 | Depths:1 | Found a gateway to Hell.
 74114 | Depths:1 | Found a broken altar of Ashenzari.
 74199 | Depths:1 | Reached skill level 10 in Armour
 74396 | Depths:1 | Noticed Nikola
 74411 | Depths:1 | Killed Nikola
 75600 | Depths:2 | Found a gateway to a bazaar.
 75627 | Depths:2 | Found a shadowy altar of Dithmenos.
 75959 | Depths:2 | Reached XP level 23. HP: 205/205 MP: 35/35
 76238 | Depths:2 | Reached skill level 23 in Fighting
 77018 | Depths:2 | Found Oqatz's Antique Weapon Emporium.
 77241 | Depths:2 | Found a one-way gate leading to the halls of Pandemonium.
 77672 | Vaults:3 | Identified the ring "Higopn" {rPois rC- Will++ Str+3 Int+6}
 78104 | Orc:2    | Bought a scroll of enchant weapon for 105 gold pieces
 78580 | Depths:3 | Found a one-way gate to the infinite horrors of the Abyss.
 78941 | Depths:3 | Found a sparkling altar of Nemelex Xobeh.
 78941 | Depths:3 | Found a shimmering altar of Xom.
 78942 | Depths:3 | Found a broken altar of Ashenzari.
 79115 | Depths:3 | Noticed a caustic shrike
 79127 | Depths:3 | Killed a caustic shrike
 79344 | Depths:3 | Reached skill level 10 in Shields
 79689 | Depths:3 | Noticed a golden dragon
 79705 | Depths:3 | Killed a golden dragon
 79918 | Depths:3 | Reached XP level 24. HP: 214/214 MP: 27/35
 80609 | Hell     | Entered the Vestibule of Hell
 80609 | Hell     | Noticed Geryon
 81327 | Depths:4 | Entered Level 4 of the Depths
 81952 | Depths:4 | Got the Textbook on Misery
 81953 | Depths:4 | Found a gate to the Realm of Zot.
 82008 | Depths:4 | Found a one-way gateway to a ziggurat.
 82388 | Depths:4 | Identified the +7 halberd "Ylov" {flame, rElec rC+ Stlth+}
 82555 | Depths:4 | Reached skill level 1 in Hexes
 82829 | Depths:2 | Bought a crystal long sword for 357 gold pieces
 82829 | Depths:2 | Identified the +2 long sword "Conservator" {spect, rElec}
                  | (You bought it in a shop on level 2 of the Depths)
 83177 | Vaults:5 | Entered Level 5 of the Vaults
 83448 | Vaults:5 | Lost mutation: You passively map a small area around you.
                  | [a shining eye]
 83624 | Vaults:5 | Noticed an ancient lich
 83648 | Vaults:5 | Killed an ancient lich
 83828 | Vaults:5 | Identified the +1 plate armour of the Arena {rF+ Will+}
 83931 | Vaults:5 | Reached skill level 5 in Hexes
 83991 | Vaults:5 | Reached XP level 25. HP: 221/221 MP: 38/38
 83993 | Vaults:5 | Noticed a dread lich
 84028 | Vaults:5 | Killed a dread lich
 84230 | Vaults:5 | Reached skill level 15 in Armour
 84459 | Vaults:5 | Identified the +8 arbalest of Equilibrium {speed, rElec
                  | rPois Will+ rCorr}
 85155 | Vaults:5 | Got a silver rune of Zot
 85156 | Vaults:5 | Identified the blade talisman of Lies {Int+5}
 85802 | Crypt:1  | Entered Level 1 of the Crypt
 86553 | Crypt:1  | Identified the orb "Joexips" {light, ^Drain *Slow MP+9
                  | Fire}
 86553 | Crypt:1  | Noticed Frederick
 86699 | Crypt:1  | Reached skill level 15 in Dodging
 86903 | Crypt:1  | Killed Frederick
 88073 | Crypt:2  | Identified the +0 leather armour "Beufroday" {Dex+5}
 88289 | Crypt:3  | Entered Level 3 of the Crypt
 88378 | Crypt:3  | Reached XP level 26. HP: 186/231 MP: 24/38
 88611 | Crypt:3  | Reached skill level 15 in Invocations
 88823 | Crypt:3  | Learned a level 5 spell: Summon Mana Viper
 88830 | Crypt:3  | Learned a level 6 spell: Summon Cactus Giant
 88902 | Crypt:3  | Identified the ring "Ivvuchech" {rN+ Will+}
 88902 | Crypt:3  | Identified the ring "Gaig Qin" {rN+ Int-5 Slay+4 Stlth+}
 88902 | Crypt:3  | Identified the ring "Ubifalup" {+Blink rN+ rCorr Int-2
                  | SInv}
 88933 | Crypt:3  | Reached skill level 24 in Fighting
 88957 | Crypt:3  | Noticed a dread lich
 88960 | Crypt:3  | Found a basalt altar of Yredelemnul.
 88966 | Crypt:3  | Killed a dread lich
 88984 | Crypt:3  | Identified the staff "Domou" {rElec rPois rN+ Will- Necro
                  | Alchemy}
 88984 | Crypt:3  | Identified the death talisman of Gixuiblo {rElec rF+++
                  | Dex-4 Stlth+}
 88986 | Crypt:3  | Got the Commentary on Malisons
 88987 | Crypt:3  | Identified the ring "Larecaz" {AC+4 Str+3 SInv}
 89353 | Crypt:3  | Found a staircase to the Tomb.
 90341 | D:3      | Bought a potion of ambrosia for 112 gold pieces
 90952 | Zot:1    | Entered Level 1 of the Realm of Zot
 90955 | Zot:1    | Found the +4 dragonskin cloak
 90955 | Zot:1    | Noticed Tiamat
 94076 | Zot:2    | Reached skill level 1 in Shapeshifting
 94421 | Zot:2    | Identified the granite talisman of an ossuary {rC+ rN+++
                  | Int-5 Dex-3}
 94772 | Zot:2    | Reached skill level 5 in Shapeshifting
 95547 | Zot:2    | Reached XP level 27. HP: 227/240 MP: 25/38
 96202 | Zot:3    | Reached skill level 10 in Shapeshifting
 98579 | Zot:4    | Found a shimmering blue altar of Sif Muna.
 99300 | Zot:4    | Identified the +0 robe of Fashionability {rF++ Will+}
 99353 | Zot:4    | Reached skill level 15 in Shapeshifting
 99755 | Zot:5    | Entered Level 5 of the Realm of Zot
 99771 | Zot:5    | Noticed an orb of fire
 99771 | Zot:5    | Noticed an orb of fire
 99772 | Zot:5    | Gained mutation: You occasionally lose the ability to drink
                  | potions when taking damage. [an orb of fire]
 99777 | Zot:5    | Noticed an orb of fire
 99777 | Zot:5    | Noticed an ancient lich
 99780 | Zot:5    | Gained mutation: You sometimes lose the ability to drink
                  | potions when taking damage. [an orb of fire]
100523 | Zot:1    | Killed Tiamat
101505 | Zot:5    | Gained mutation: You are dopey. (Int -2) [an orb of fire]
101511 | Zot:5    | Killed an orb of fire
101642 | Zot:5    | Noticed an orb of fire
101654 | Zot:4    | Gained mutation: Your body sometimes deteriorates upon
                  | taking damage. [an orb of fire]
101656 | Zot:4    | Gained mutation: Your body often deteriorates upon taking
                  | damage. [an orb of fire]
101669 | Zot:4    | Gained mutation: Your health recovers twice as slowly from
                  | being drained. [an orb of fire]
101670 | Zot:4    | Killed an orb of fire
101872 | Zot:5    | Gained mutation: You are frail. (-10% HP) [an orb of fire]
101881 | Zot:5    | Gained mutation: You are clumsy. (Dex -2) [an orb of fire]
101883 | Zot:5    | Gained mutation: You are very frail. (-20% HP) [an orb of
                  | fire]
101884 | Zot:5    | Killed an orb of fire
102210 | Zot:5    | Reached skill level 10 in Translocations
102434 | Zot:5    | Noticed an orb of fire
102440 | Zot:5    | Lost mutation: You sometimes lose the ability to drink
                  | potions when taking damage. [potion of mutation]
102440 | Zot:5    | Lost mutation: You occasionally lose the ability to drink
                  | potions when taking damage. [potion of mutation]
102440 | Zot:5    | Lost mutation: Your body often deteriorates upon taking
                  | damage. [potion of mutation]
102457 | Zot:5    | Killed an orb of fire
102499 | Zot:5    | Lost mutation: Your health recovers twice as slowly from
                  | being drained. [potion of mutation]
102499 | Zot:5    | Lost mutation: You are very frail. (-20% HP) [potion of
                  | mutation]
102499 | Zot:5    | Lost mutation: Your body sometimes deteriorates upon taking
                  | damage. [potion of mutation]
102500 | Zot:5    | Lost mutation: You have sharp fingernails. [potion of
                  | mutation]
102500 | Zot:5    | Lost mutation: You are frail. (-10% HP) [potion of
                  | mutation]
102500 | Zot:5    | Gained mutation: You are partially covered in iridescent
                  | scales. (AC +2) [potion of mutation]
102500 | Zot:5    | Gained mutation: You passively dampen the noise of your
                  | surroundings. [potion of mutation]
102501 | Zot:5    | Lost mutation: You are partially covered in iridescent
                  | scales. (AC +2) [potion of mutation]
102501 | Zot:5    | Lost mutation: You are clumsy. (Dex -2) [potion of
                  | mutation]
102501 | Zot:5    | Lost mutation: Your muscles are strong. (Str +4, Int/Dex
                  | -1) [potion of mutation]
102501 | Zot:5    | Gained mutation: Your spells are a little easier to cast,
                  | but a little less powerful. [potion of mutation]
102501 | Zot:5    | Gained mutation: You possess an exceptional clarity of
                  | mind. [potion of mutation]
103597 | Zot:5    | Noticed an orb of fire
103604 | Zot:5    | Gained mutation: Your body sometimes deteriorates upon
                  | taking damage. [an orb of fire]
103612 | Zot:5    | Gained mutation: You occasionally shout uncontrollably at
                  | your foes. [an orb of fire]
103621 | Zot:5    | Gained mutation: Your spells are easier to cast, but less
                  | powerful. [an orb of fire]
103633 | Zot:5    | Gained mutation: You occasionally lose the ability to drink
                  | potions when taking damage. [an orb of fire]
103635 | Zot:5    | Killed an orb of fire
103743 | Zot:5    | Lost mutation: Your body sometimes deteriorates upon taking
                  | damage. [potion of mutation]
103743 | Zot:5    | Lost mutation: You occasionally shout uncontrollably at
                  | your foes. [potion of mutation]
103743 | Zot:5    | Lost mutation: You are dopey. (Int -2) [potion of mutation]
103743 | Zot:5    | Gained mutation: Your health recovers twice as slowly from
                  | being drained. [potion of mutation]
103837 | Zot:5    | Killed an ancient lich
103881 | Zot:5    | Gained mutation: Armour fits poorly on your strangely
                  | shaped body. [an orb of fire]
103881 | Zot:5    | Lost mutation: You possess an exceptional clarity of mind.
                  | [an orb of fire]
103882 | Zot:5    | Gained mutation: You do not regenerate when monsters are
                  | visible. [an orb of fire]
103885 | Zot:5    | Gained mutation: You are weak. (Str -2) [an orb of fire]
103886 | Zot:5    | Gained mutation: You sometimes lose the ability to drink
                  | potions when taking damage. [an orb of fire]
103893 | Zot:5    | Noticed an orb of fire
104019 | Depths:4 | Voluntarily entered the Abyss.
104102 | Abyss:3  | Paralysed by accursed screaming for 1 turns
104120 | Depths:4 | Escaped the Abyss
104500 | Slime:1  | Entered Level 1 of the Pits of Slime
106138 | Slime:5  | Entered Level 5 of the Pits of Slime
107441 | Slime:1  | Reached skill level 10 in Evocations
107889 | Depths:3 | Voluntarily entered the Abyss.
108239 | Abyss:3  | Gained mutation: Potions are less effective at restoring
                  | your health. [a neqoxec]
108334 | Abyss:3  | Gained mutation: Your body sometimes deteriorates upon
                  | taking damage. [a neqoxec]
108394 | Depths:3 | Escaped the Abyss
108785 | Zot:5    | Gained mutation: You are clumsy. (Dex -2) [an orb of fire]
108792 | Zot:5    | Killed an orb of fire
109082 | Zot:5    | Noticed a dread lich
109101 | Zot:5    | Killed a dread lich
109262 | Zot:5    | Gained mutation: Your spells are much easier to cast, but
                  | much less powerful. [an orb of fire]
109267 | Zot:5    | Gained mutation: You are dopey. (Int -2) [an orb of fire]
109270 | Zot:5    | Gained mutation: You sometimes lose your temper in combat.
                  | [an orb of fire]
109277 | Zot:5    | Lost mutation: Potions are less effective at restoring your
                  | health. [an orb of fire]
109281 | Zot:5    | Gained mutation: Your body often deteriorates upon taking
                  | damage. [an orb of fire]
109282 | Zot:5    | Lost mutation: Your body often deteriorates upon taking
                  | damage. [an orb of fire]
109284 | Zot:5    | Killed an orb of fire
109959 | Zot:5    | Got the Orb of Zot
110040 | Zot:3    | Lost mutation: You are clumsy. (Dex -2) [potion of
                  | mutation]
110040 | Zot:3    | Lost mutation: You are weak. (Str -2) [potion of mutation]
110040 | Zot:3    | Lost mutation: Your body sometimes deteriorates upon taking
                  | damage. [potion of mutation]
110040 | Zot:3    | Lost mutation: You sometimes lose the ability to drink
                  | potions when taking damage. [potion of mutation]
110041 | Zot:3    | Lost mutation: You do not regenerate when monsters are
                  | visible. [potion of mutation]
110041 | Zot:3    | Lost mutation: Your spells are much easier to cast, but
                  | much less powerful. [potion of mutation]
110041 | Zot:3    | Gained mutation: Your body sometimes deteriorates upon
                  | taking damage. [potion of mutation]
110139 | Depths:3 | Noticed Vyjontab the pandemonium lord
110191 | Depths:3 | Noticed Kagoosch the pandemonium lord
110217 | Depths:2 | Noticed Cosecoviku the pandemonium lord
110311 | D:15     | Noticed Haluiza the pandemonium lord
110604 | D:3      | Noticed Wuacw the pandemonium lord
110679 | D:$      | Escaped with the Orb!

Illustrated notes

Levels and vault maps discovered:
D:1:      dpeg_arrival_rooms_a, layout_loops_ring, serial_bayou_pond_d
D:2:      layout_loops_ring, basic_altar, uniq_crazy_yiuf_cottage
D:3:      layout_basic, serial_glass, glass_columns_a, glass_columns_b,
          glass_columns_a, item_on_display_a, item_on_display_a,
          feat_on_display, item_on_display_a, basic_ecumenical_altar,
          serial_shops, shop, shop_scrolls, nicolae_shop_statue_plus,
          nicolae_shop_peninsula, hangedman_feature_mirror,
          minmay_misc_feat_plants, nicolae_concentric_dashed_squares_wild,
          grunt_decor_mini_mirrors
D:4:      layout_cave_pools, lemuel_crystal_altar, makhleb_altar_promises_db,
          temple_pool_b, serial_shops, shop, uniq_pikel
D:5:      layout_gridville, mainiacjoe_overflow_cross_hatched
D:6:      minmay_recursive_quarters, layout_loops_ring, water_maze_lemuel
D:7:      layout_gridville, kennysheep_little_box,
          nicolae_hepliaklqana_hazy_memory, enter_bailey_1, serial_shops,
          nicolae_shop_tiny_real_fake_doors, minmay_strange_pillars,
          minmay_misc_feat_pillars, nicolae_tricolors
D:8:      layout_basic, zin_purify, nemelex_diamond_rough_becter,
          gammafunk_temple_overflow_elements, abandoned_shop, hex_intersection
D:9:      minmay_the_grid_four_pointed_star
          [minmay_the_grid_triangle_9x9_skeleton,
          minmay_the_grid_triangle_9x9_warning,
          minmay_the_grid_triangle_9x9_limited_checkers,
          minmay_the_grid_triangle_9x9_sprig,
          minmay_the_grid_prize_four_corners], layout_rooms,
          yredelemnul_altar_generic, mainiacjoe_overflow_tiny_flanked,
          gammafunk_ghost_hydra_chop, serial_shops, shop
D:10:     layout_roguey, nicolae_qazlal_eye_of_the_storm,
          erik_lair_orcish_takeover, serial_library_hellmonk_statue_hall
D:11:     layout_gridville, orc_david_3, serial_shops,
          nicolae_shop_tiny_statue_garden, uniq_amaemon
D:12:     layout_basic, minmay_librarian
D:13:     layout_big_octagon, hellmonk_vaults_attempted_burglary
D:14:     layout_basic, minivault_25, hangedman_feature_mirror, uniq_louise
D:15:     grunt_enter_depths_snipers, layout_basic, serial_shops,
          nicolae_shop_statue_plus, nicolae_shop_bloodbath_and_beyond,
          nicolae_lakefront_shop, dk_noncrumbling_2, lemuel_flamethrower_hall,
          uniq_jorgrun
Lair:1:   layout_loops_ring, chequers_serial_rivers_micro_b, uniq_joseph
Lair:2:   nzn_winding_woodlands_medium [nzn_winding_woodlands_5x5_default,
          nzn_winding_woodlands_5x15_pockets,
          nzn_winding_woodlands_5x5_open_star, nzn_winding_woodlands_5x5_cross,
          nzn_winding_woodlands_center_diamonds,
          nzn_winding_woodlands_5x5_perimeter,
          nzn_winding_woodlands_5x5_default, nzn_winding_woodlands_5x15_default,
          nzn_winding_woodlands_hourglass], layout_hall_layers,
          mainiacjoe_shoals_entry_four_pools, nicolae_volcano_entry_vermiform,
          nicolae_lair_liquid_snakes, lemuel_fruit_tree, serial_bayou_shore_a,
          infiniplex_staircase_pool_2, uniq_gastronok, uniq_maggie
Lair:3:   layout_regular_city, hellmonk_spider_entry_not_the_bees, basic_altar,
          kennysheep_snail_temple
Lair:4:   layout_loops_ring, minmay_slime_entry_pillars, ebering_ghost_xom,
          minmay_stone_trees_medium, uniq_josephine, uniq_rupert
Lair:5:   minmay_lair_end_enchanted_forest, layout_regular_city,
          small_statue_intersection, minivault_19, kennysheep_basilisk_garden
Shoals:1: layout_shoals, nicolae_shoals_goliath_grotto
Shoals:2: dreamdust_from_the_deep, layout_shoals,
          nicolae_shoals_former_cling_halls
Shoals:3: nicolae_shoals_aurelia_aurita, layout_shoals, uniq_polyphemus,
          uniq_mlioglotl, uniq_ilsuiw
Shoals:4: shoals_end_simple, layout_shoals, lemuel_altar_in_water
Spider:1: nicolae_spider_mines_3
Spider:2: layout_spider_delve, gammafunk_ghost_tricky_traps
Spider:3: nicolae_spider_hilbert_zone_6 [nicolae_spider_hilbert_4_sides_1_open,
          nicolae_spider_hilbert_4_sides_1_open,
          nicolae_spider_hilbert_4_sides_1_open,
          nicolae_spider_hilbert_4_sides_1_open,
          nicolae_spider_hilbert_4_sides_1_open,
          nicolae_spider_hilbert_4_sides_1_open,
          nicolae_spider_hilbert_4_sides_1_open], hellmonk_test_site
Spider:4: grunt_spider_rune_circles, uniq_bai_suzhen
Slime:1:  layout_caves
Slime:2:  cheibrodos_slime_lost_civilization_10, layout_caves,
          nicolae_slime_barrier
Slime:3:  layout_caves
Slime:4:  layout_caves
Slime:5:  slime_pit_nicolae_royal_road_to_ruin
Orc:1:    layout_caves, nicolae_orc_lava_room
Orc:2:    st_orc_open, layout_caves
Elf:1:    elf_arrival_002, layout_geoelf_diagonals, serial_shops, shop_statue,
          evilmike_minifort, drop_trap, uniq_agnes
Elf:2:    nicolae_elf_blades_crystal_corner, layout_geoelf_grid, basic_altar
Elf:3:    minmay_elf_hall_curves, layout_loops_cross
Vaults:1: v_misc_28, v_pattern_4, nicolae_vaults_trapezoid_1,
          nicolae_vaults_circle_grid_a, vaults_room_glass_cross,
          nicolae_vaults_windows_and_doors_thing, nicolae_vaults_tetromino_T_1,
          v_misc_16, vaults_mumra_chevron_long,
          nicolae_vaults_storage_room_statues, vaults_room_fancy_cross,
          nicolae_vaults_three_branches, vaults_dpeg_diagonal, v_alt_pattern_6,
          nicolae_vaults_six-pack, nicolae_vaults_trapezoid_lopsided_4,
          layout_vaults_omnibox, serial_shops, nicolae_shop_stone
Vaults:2: infiniplex_enter_wizlab_spiral, nicolae_vaults_angled_halls,
          nicolae_vaults_ellipses_ellipsis,
          nicolae_vaults_offset_grid_hallway_2, nicolae_vaults_little_squares_6,
          minmay_crypt_entry_necro_gods, vaults_standard_mumra_x,
          hangedman_vaults_impose, nicolae_vaults_theta,
          ontoclasm_vaults_ligature, ontoclasm_vaults_shuriken,
          layout_vaults_omnigrid
Vaults:3: nicolae_vaults_little_ls, nicolae_vaults_surprise_closet,
          nicolae_vaults_little_squares_3, hangedman_vaults_trim, st_more_cells,
          nicolae_vaults_puzzle_piece, v_misc_8, hangedman_vaults_corner_blocks,
          nicolae_vaults_heist, nicolae_vaults_trapezoid_3,
          nicolae_vaults_offset_grid_hallway_1, vaults_dpeg_encased_lava,
          ontoclasm_vaults_loading_screen, layout_vaults_maze_bifur
Vaults:4: nicolae_vaults_closet_pinwheel_4, hangedman_vaults_pinch,
          vaults_mumra_minichess, vaults_room_boxed, v_misc_30,
          nicolae_vaults_house_3, nicolae_vaults_more_shelving_1,
          nicolae_vaults_trapezoid_lopsided_3, serial_ice_g,
          grunt_vaults_hallway_short, vaults_room_hallway,
          nicolae_vaults_tetromino_Z_2, layout_vaults_big_room, serial_shops,
          shop
Vaults:5
Crypt:1:  layout_misc_corridors, nicolae_crypt_twisting_catacombs,
          grunt_megastairs_1, uniq_frederick
Crypt:2:  layout_rooms, uniq_josephina
Crypt:3:  cryptofortress_bobbens
Depths:1: layout_roguey, hell_entry, cheibrodos_ashenzari_chains,
          lemuel_old_faithful, uniq_nikola
Depths:2: nooodl_glass_maze, layout_basic,
          nicolae_dithmenos_through_a_glass_darkly, rand_demon_pan_entry_8,
          serial_shops, statue_bzr, shop, hell_entry,
          chequers_serial_rivers_marsh, minmay_staircase_bubble
Depths:3: hangedman_slaughterboxes, hell_entry, abyss_entry, pan_entry,
          serial_shops
Depths:4: grunt_crosshair, layout_cave_pools, enter_ziggurat_f,
          nicolae_abyss_entry_one_way_or_another, hell_entry,
          minmay_misc_feat_rugged
Hell
Zot:1:    layout_onion_interference, uniq_tiamat
Zot:2:    layout_cathedral_of_symmetry, grunt_megastairs_3
Zot:3:    layout_misc_corridors
Zot:4:    layout_gridlike, regret_index_zotdec_magical_s, grunt_megastairs_5
Zot:5:    layout_misc_corridors

Skill      XL: |  1  2  3  4  5  6  7  8  9 10 11 12 13 14 15 16 17 18 19 20 21 22 23 24 25 26 27 |
---------------+----------------------------------------------------------------------------------+-----
Polearms       | 1 2 |  2.4
Fighting       | 1 2 3 5 6 7 8 11 16 18 21 22 23 24 | 24.5
Long Blades    | 2 3 6 7 10 12 14 17 19 21 22 | 22.2
Dodging        | 4 6 8 10 11 12 13 15 16 | 16.4
Summonings     | 3 5 9 13 14 15 17 | 17.2
Spellcasting   | 3 4 6 8 |  8.0
Evocations     | 3 5 6 12 | 12.7
Ice Magic      | 2 4 10 | 10.0
Invocations    | 6 7 9 12 14 15 19 | 19.1
Shields        | 5 6 11 12 | 12.9
Translocations | 5 6 8 10 | 10.5
Armour         | 5 7 9 10 14 15 16 | 16.5
Hexes          | 5 6 |  6.0
Shapeshifting  | 9 16 | 16.6
Stealth        | |  2.1
Conjurations   | |  0.7
Air Magic      | |  2.4

Action                     |  1- 3 |  4- 6 |  7- 9 | 10-12 | 13-15 | 16-18 | 19-21 | 22-24 | 25-27 || total
---------------------------+-------+-------+-------+-------+-------+-------+-------+-------+-------++-------
  Melee: Unarmed           |    11 |       |       |       |       |       |       |       |       ||    11
         Short sword       |    31 |    95 |   270 |       |       |       |       |       |       ||   396
         Spear             |    23 |       |       |       |       |       |       |       |       ||    23
         Tailslap          |       |     6 |     5 |       |     1 |    53 |    47 |     3 |     7 ||   122
         Punch             |       |     1 |     5 |     7 |     9 |       |       |       |       ||    22
         Long sword        |       |       |    27 |       |       |       |       |       |       ||    27
         Scimitar          |       |       |    74 |   612 |  1064 |  1704 |  1478 |   733 |       ||  5665
         Demon blade       |       |       |       |       |       |       |       |  1507 |  3495 ||  5002
  Throw: Boomerang         |     5 |     5 |       |       |       |       |       |       |       ||    10
         Dart              |     3 |    11 |    53 |    33 |     3 |    13 |       |       |       ||   116
         Javelin           |       |     1 |     7 |       |       |       |       |       |       ||     8
         Throwing net      |       |       |       |     1 |     1 |     1 |       |       |       ||     3
   Cast: Shock             |    60 |    28 |    22 |     1 |     1 |       |       |       |       ||   112
         Call Canine Famil |       |       |     1 |    48 |    37 |    31 |    17 |       |       ||   134
         Summon Ice Beast  |       |       |       |    29 |    45 |    29 |    15 |     1 |       ||   119
         Apportation       |       |       |       |       |     1 |       |       |     1 |       ||     2
         Summon Forest     |       |       |       |       |       |    16 |    52 |     9 |    23 ||   100
         Ozocubu's Armour  |       |       |       |       |       |       |       |     2 |       ||     2
         Blink             |       |       |       |       |       |       |       |     2 |     9 ||    11
         Summon Mana Viper |       |       |       |       |       |       |       |       |    54 ||    54
         Summon Cactus Gia |       |       |       |       |       |       |       |       |    17 ||    17
         Swiftness         |       |       |       |       |       |       |       |       |     2 ||     2
 Invoke: Minor Destruction |       |       |       |     3 |     2 |       |       |       |       ||     5
         Lesser Servant of |       |       |       |     3 |    35 |    74 |    18 |     3 |     3 ||   136
         Greater Servant o |       |       |       |       |       |       |       |       |    16 ||    16
  Evoke: Wand              |       |       |    13 |    15 |     8 |    41 |    11 |     1 |    37 ||   126
         Tin of tremorston |       |       |       |       |     2 |     2 |     5 |     1 |       ||    10
         Box of beasts     |       |       |       |       |       |     4 |     1 |       |     3 ||     8
         Phial of floods   |       |       |       |       |       |     1 |       |       |     1 ||     2
         Phantom mirror    |       |       |       |       |       |       |       |       |     4 ||     4
    Use: Potion            |     1 |       |     1 |     5 |     5 |    23 |     4 |     5 |    47 ||    91
         Scroll            |       |     1 |     8 |    13 |    20 |    15 |    11 |    11 |    26 ||   105
   Stab: Sleeping          |     1 |     3 |     5 |     6 |    10 |     6 |     9 |     1 |    11 ||    52
         Distracted        |       |       |       |     4 |    12 |    26 |    17 |     6 |    35 ||   100
         Held in net/web   |       |       |       |       |     1 |       |       |       |       ||     1
         Invisible         |       |       |       |       |       |     8 |     3 |       |    19 ||    30
         Betrayed ally     |       |       |       |       |       |     1 |       |       |     1 ||     2
 Armour: Robe              |    35 |    47 |   164 |    75 |    68 |     5 |       |       |       ||   394
         Acid dragon scale |       |       |       |   236 |   461 |   896 |       |       |       ||  1593
         Ring mail         |       |       |       |       |    49 |   380 |   278 |       |       ||   707
         Scale mail        |       |       |       |       |       |       |   637 |   977 |       ||  1614
         Quicksilver drago |       |       |       |       |       |       |       |   518 |  1554 ||  2072
         Skin              |       |       |       |       |       |       |       |       |   818 ||   818
  Dodge: Dodged            |    50 |    45 |   230 |   377 |   681 |  1321 |   729 |  1059 |  2164 ||  6656
  Block: Buckler           |       |       |       |       |   158 |   673 |   399 |   707 |   449 ||  2386
         Kite shield       |       |       |       |       |       |       |       |       |  1608 ||  1608
         Form:             |       |       |       |       |       |       |       |       |     2 ||     2
         Statue            |       |       |       |       |       |       |       |       |     2 ||     2
